 Seeded DCSS version 0.29.1-15-g9cfb28693d (webtiles) character file.

Game seed: 17041243019148332979 (custom seed)

3089 Sanktem7 the Cleaver (level 9, -7/81 HPs)
             Began as a Minotaur Fighter on Mar 13, 2023.
             Was a Believer of Okawaru.
             Mangled by a two-headed ogre
             ... wielding a +0 giant club
              (26 damage)
             ... on level 7 of the Dungeon.
             The game lasted 00:12:30 (7756 turns).

Sanktem7 the Cleaver (Minotaur Fighter)             Turns: 7756, Time: 00:12:31

Health: -7/81      AC: 11    Str: 25    XL:     9   Next: 59%
Magic:  8/8        EV: 13    Int:  5    God:    Okawaru [**....]
Gold:   243        SH: 10    Dex: 10    Spells: 8/8 levels left

rFire   + . .      SeeInvis .   a - +1 war axe (freeze) {axe}
rCold   . . .      Faith    .   h - +0 kite shield
rNeg    + . .      Spirit   .   B - +3 ring mail of Erey {+Inv rF+ rN+}
rPois   +          Reflect  .   (helmet restricted)
rElec   .          Harm     .   r - scarf {repulsion}
rCorr   .          Rampage  .   (no gloves)
Will    .....                   j - +0 pair of boots
Stlth   ..........              (no amulet)
HPRegen 0.23/turn               q - +4 ring of evasion
MPRegen 0.11/turn               s - ring of poison resistance

@: repel missiles
A: horns 2, retaliatory headbutt
a: Renounce Religion, Evoke Invisibility, Heroism


You were on level 7 of the Dungeon.
You worshipped Okawaru.
Okawaru was pleased with you.
You visited 2 branches of the dungeon, and saw 8 of its levels.
You also visited: Sewer.

You collected 243 gold pieces.


Innate Abilities, Weirdness & Mutations

You have a pair of horns on your head.
You reflexively headbutt those who attack you in melee.


   Skills:
 + Level 8.1 Fighting
 * Level 10.5 Axes
 + Level 8.0 Armour
 + Level 8.0 Shields


You had 8 spell levels left.
You didn't know any spells.
Your spell library contained the following spells:

 Spells                   Type           Power      Damage    Failure   Level
 Sandblast                Erth           0%         2d4       88%         1
 Blink                    Tloc           0%         N/A       96%         2
 Passwall                 Tmut/Erth      0%         N/A       96%         2
 Gell's Gravitas          Tloc           0%         N/A       99%         3
 Lesser Beckoning         Tloc           0%         N/A       99%         3
 Stone Arrow              Conj/Erth      0%         3d7       99%         3
 Teleport Other           Tloc           0%         N/A       99%         3
 Alistair's Intoxication  Tmut/Pois      0%         N/A       100%        5
 Borgnjor's Vile Clutch   Necr/Erth      0%         N/A       100%        5
 Manifold Assault         Tloc           0%         N/A       100%        5
 Eringya's Noxious Bog    Tmut/Pois      0%         N/A       100%        6

Inventory:

Hand Weapons
 a - a +1 war axe of freezing (weapon) {axe}
 C - a +2 flail of protection {mace}
   (You took it off Edmund on level 4 of the Dungeon)
Missiles
 e - 54 stones (quivered) {throwing}
 m - 8 poisoned darts {throwing}
 E - 2 boomerangs {throwing}
Armour
 h - a +0 kite shield (worn)
   (You found it on level 1 of the Dungeon)
 j - a +0 pair of boots (worn)
   (You found it on level 2 of the Dungeon)
 r - a scarf of repulsion (worn)
   (You found it on level 3 of the Dungeon)
 B - the +3 ring mail of Erey (worn) {+Inv rF+ rN+}
   (You found it on level 4 of the Dungeon)

   rF:        It protects you from fire.
   rN:        It protects you from negative energy.
   +Inv:      It lets you turn invisible.
Magical Staves
 y - a staff of death {!astaff}
   (You found it on level 6 of the Dungeon)
 z - a staff of fire {!astaff}
   (You found it on level 6 of the Dungeon)
Jewellery
 q - a +4 ring of evasion (left hand)
   (You found it on level 2 of the Dungeon)
 s - a ring of poison resistance (right hand)
   (You found it in a sewer)
 A - a ring of flight
   (You found it on level 6 of the Dungeon)
Wands
 b - a wand of flame (21)
   (You found it on level 5 of the Dungeon)
 t - a wand of acid (10)
   (You found it in a sewer)
Scrolls
 c - 3 scrolls of fear {unknown}
 f - 2 scrolls of blinking {!r}
 k - a scroll of torment {!r}
 n - 2 scrolls of magic mapping {!r}
 p - a scroll of amnesia {unknown}
 u - 3 scrolls of teleportation {@r4}
 w - 2 scrolls of noise {!r}
 x - a scroll of immolation {unknown}
Potions
 d - 2 potions of might
 g - 5 potions of curing {@q1}
 i - a potion of attraction {unknown}
 l - 2 potions of lignification {!q}
 o - 2 potions of flight {unknown}
 v - a potion of degeneration {unknown}
 D - a potion of brilliance {unknown}

Dungeon Overview and Level Annotations

Branches:
Dungeon (7/15) Zot: 26812  Temple (1/1) D:6 Zot: 5939   Sewer (visited)

Altars:
Ashenzari
Elyvilon
Gozag
Makhleb
Okawaru
Uskayaw
Vehumet
Zin

Shops:
D:2 *!!( D:5

= #......#
##...
##.....## ...
###.....## ..
#......##
#......#...##
#.#.####....#
..
##..♣.....♣
##
##..)♣♣...♣♣
#..O@♣♣♣.♣♣
#....♣♣♣.♣ .♣
####. ♣♣(♣.♣
#. ♣♣ ♣


You could see a two-headed ogre.


Message History

a +0 dagger {short}; a +0 robe; an orc corpse You block the gnoll sergeant's attack.
The gnoll sergeant barely misses you.
You barely miss the gnoll sergeant.
You block the gnoll sergeant's attack. 😮 HP[+1]
You hit the gnoll sergeant but do no damage.
You block the gnoll sergeant's attack.
You completely miss the gnoll sergeant. You block the gnoll sergeant's attack.
You hit the gnoll sergeant. You freeze the gnoll sergeant.
You headbutt the gnoll sergeant. The gnoll sergeant closely misses you.
You furiously retaliate!
You headbutt the gnoll sergeant, but do no damage.
You slash the gnoll sergeant! You freeze the gnoll sergeant.
The gnoll sergeant misses you. You furiously retaliate!
You headbutt the gnoll sergeant! 😮 HP[+1]
You hit the gnoll sergeant. You freeze the gnoll sergeant.
You kill the gnoll sergeant!
Okawaru accepts your kill.
Your Axes skill increases to level 10! 😮 HP[+1]
You now have 81 max hp (+1).
Things that are here:
a +0 spear {polearm}; a +0 ring mail Key pressed, stopping explore.
Things that are here:
a +0 dagger {short}; a +0 robe; an orc corpse You see here a +1 vorpal hand axe {axe}. 😎 HP[+27]
Your hp is fully restored (81).
You now have 243 gold pieces (gained 8).
A cyclops comes into view.
The cyclops shouts!
You hear a shout!
The cyclops throws a large rock.
You block the large rock.
The cyclops throws a large rock.
You block the large rock. You block the cyclops's attack.
You hit the cyclops. You freeze the cyclops. You slash the cyclops!
You freeze the cyclops.
You headbutt the cyclops, but do no damage.
You block the cyclops's attack.
You hit the cyclops. You freeze the cyclops. You headbutt the cyclops.
The cyclops hits you!! 😮 HP[-23]
You take 23 damage, and now have 58/81 hp.
MASSIVE DAMAGE!! (PAUSE)
You barely miss the cyclops. The cyclops hits you! 😮 HP[-17]
You take 17 damage, and now have 41/81 hp.
MASSIVE DAMAGE!! (PAUSE)
You slash the cyclops! You freeze the cyclops. You hit the cyclops.
You freeze the cyclops.
You headbutt the cyclops, but do no damage.
A centaur comes into view.
You block the cyclops's attack.
The centaur wields a +0 shortbow.
The centaur shoots an arrow.
You block the arrow.
You hit the cyclops. You freeze the cyclops. You headbutt the cyclops.
The centaur shoots an arrow.
The arrow hits you but does no damage.
You block the cyclops's attack. 😮 HP[+1]
You hit the cyclops. You freeze the cyclops.
You kill the cyclops!
Okawaru is honoured by your kill.
The centaur shoots an arrow.
The arrow closely misses you.
Your Fighting skill increases to level 8!
Your Shields skill increases to level 8!
The centaur unwields a +0 shortbow.
The centaur hits you but does no damage.
You block the centaur's attack.
A two-headed ogre comes into view. It is wielding two +0 giant clubs.
You barely miss the centaur. You block the centaur's attack.
The centaur closely misses you. You block the centaur's attack. x2
You slash the centaur! You freeze the centaur. You block the centaur's attack.
The centaur misses you.
The centaur hits you but does no damage.
You block the centaur's attack. 😮 HP[+1]
You hit the centaur but do no damage. You headbutt the centaur.
You slash the two-headed ogre! You freeze the two-headed ogre.
You block the centaur's attack. The centaur barely misses you.
The two-headed ogre hits you with a +0 giant club!
* * * LOW HITPOINT WARNING * * *
The two-headed ogre closely misses you. 😨 HP[-7]
You take 7 damage, and now have 36/81 hp.
You slash the centaur! You freeze the centaur.
You kill the centaur!
Okawaru accepts your kill.
You hit the two-headed ogre. You freeze the two-headed ogre.
Your Armour skill increases to level 8!
You slash the two-headed ogre! You freeze the two-headed ogre.
The two-headed ogre hits you with a +0 giant club!!
* * * LOW HITPOINT WARNING * * *
The two-headed ogre closely misses you. 😱 HP[-18]
You take 18 damage, and now have 18/81 hp.
MASSIVE DAMAGE!! (PAUSE)
You slash the two-headed ogre! You freeze the two-headed ogre.
Your headbutt misses the two-headed ogre.
The two-headed ogre hits you with a +0 giant club!!
You die...

Skill      XL: |  1  2  3  4  5  6  7  8  9 |
---------------+----------------------------+-----
Axes           | 3 4 5 6 7 9 10 | 10.5
Fighting       | 4 5 6 7 8 |  8.1
Shields        | 4 5 6 7 8 |  8.0
Armour         | 4 5 6 7 8 |  8.0

Action                   |  1- 3 |  4- 6 |  7- 9 || total
-------------------------+-------+-------+-------++-------
Melee: War axe           |    70 |   153 |   219 ||   442
       Headbutt          |    10 |    17 |    44 ||    71
  Use: Scroll            |       |       |     9 ||     9
Armor: Scale mail        |    39 |    59 |       ||    98
       Ring mail         |       |       |    73 ||    73
Dodge: Dodged            |    50 |    79 |   104 ||   233
       Repelled          |       |     1 |     1 ||     2
Block: Buckler           |     8 |       |       ||     8
       Kite shield       |    32 |    67 |   110 ||   209

Levels and vault maps discovered:
D:1:      minmay_arrival_up_and_down, layout_basic, serial_corexii_hall,
          chequers_hall_statues_y, corexii_hall_statues_s, st_stairs_1
D:2:      layout_loops_ring, basic_altar, serial_shops, nicolae_shop_trees,
          nicolae_lakefront_shop, nicolae_shop_bloodbath_and_beyond, shop
D:3:      layout_basic, basic_ecumenical_altar, cheibrodos_sewer_entry_sluice,
          kennysheep_nub, chequers_big_river, amethyst_killhole
D:4:      layout_basic, uniq_grinder, uniq_edmund, uniq_robin
D:5:      layout_gridville, chequers_temple_overflow_minitemple, serial_shops,
          shop
D:6:      layout_loops_ring, minmay_temple_entry_sparse_star,
          uniq_prince_ribbit1
D:7:      minmay_s_stair_smasher, layout_loops_ring, dk_noncrumbling_3,
          kb_rosetta
Temple:   dpeg_chambers_temple

Notes
Turn   | Place    | Note
-------+----------+-------------------------------------------
     0 | D:1      | Sanktem7 the Minotaur Fighter began the quest for the Orb.
     0 | D:1      | Reached XP level 1. HP: 19/19 MP: 0/0
     0 | D:1      | magus.rc [v1.9.6]
   447 | D:1      | Reached XP level 2. HP: 27/27 MP: 1/1
   913 | D:2      | Found Caidad's Distillery.
   921 | D:2      | Found a broken altar of Ashenzari.
   962 | D:2      | Found Wenomeru's Weapon Shoppe.
   993 | D:2      | Reached skill level 3 in Axes
  1111 | D:2      | Found Peilagib's Distillery.
  1222 | D:2      | Found Fuohop's General Store.
  1323 | D:2      | Reached skill level 4 in Fighting
  1323 | D:2      | Reached skill level 4 in Shields
  1323 | D:2      | Reached XP level 3. HP: 26/33 MP: 2/2
  1674 | D:3      | Found a faded altar of an unknown god.
  1720 | D:3      | Reached skill level 4 in Armour
  1900 | D:3      | Reached XP level 4. HP: 25/40 MP: 3/3
  1908 | D:3      | HP: 8/40 [orc/+0 war axe (6)]
  1908 | D:3      | HP: 2/40 [orc/+0 war axe (6)]
  1964 | D:3      | Found a glowing drain.
  1967 | D:3      | HP: 8/40 [constriction (1)]
  1973 | D:3      | Reached skill level 4 in Axes
  1979 | Sewer    | Entered a sewer
  2515 | Sewer    | Noticed a bullfrog
  2523 | Sewer    | Killed a bullfrog
  2524 | Sewer    | Reached XP level 5. HP: 47/47 MP: 4/4
  2534 | Sewer    | Identified the +7 falchion of Biz Ytei {flame, Str+2}
  2819 | D:3      | Reached skill level 5 in Axes
  3014 | D:3      | Reached XP level 6. HP: 55/55 MP: 5/5
  3083 | D:3      | HP: 13/55 [orc priest/divine providence (12)]
  3920 | D:4      | Noticed an ice beast
  3939 | D:4      | HP: 12/55 [ice beast (9)]
  3942 | D:4      | Killed an ice beast
  3943 | D:4      | Reached skill level 5 in Fighting
  3943 | D:4      | Reached skill level 5 in Armour
  3943 | D:4      | Reached skill level 5 in Shields
  4196 | D:4      | Noticed Grinder
  4235 | D:4      | Killed Grinder
  4236 | D:4      | Reached skill level 6 in Axes
  4236 | D:4      | Reached XP level 7. HP: 51/61 MP: 6/6
  4299 | D:4      | Identified the +3 ring mail of Erey {+Inv rF+ rN+}
  4380 | D:4      | Noticed Edmund
  4387 | D:4      | Killed Edmund
  4388 | D:4      | Reached skill level 7 in Axes
  4421 | D:4      | Noticed Robin
  4426 | D:4      | Killed Robin
  4486 | D:4      | You pick up a book of Geomancy and begin reading...
  4486 | D:4      | You add the spells Sandblast, Passwall and Stone Arrow to
                  | your library.
  4583 | D:4      | You pick up a book of Spatial Translocations and begin
                  | reading...
  4583 | D:4      | You add the spells Blink, Lesser Beckoning and Manifold
                  | Assault to your library.
  4767 | D:4      | Reached skill level 6 in Fighting
  5495 | D:5      | Entered Level 5 of the Dungeon
  5505 | D:5      | Reached skill level 6 in Armour
  5505 | D:5      | Reached skill level 6 in Shields
  5520 | D:5      | Reached XP level 8. HP: 70/70 MP: 7/7
  5665 | D:5      | Found a faded altar of an unknown god.
  5665 | D:5      | Found a glowing silver altar of Zin.
  5673 | D:5      | Found a hide-covered altar of Uskayaw.
  5675 | D:5      | Found a broken altar of Ashenzari.
  5677 | D:5      | Found a burning altar of Makhleb.
  5815 | D:5      | You pick up a book of Displacement and begin reading...
  5815 | D:5      | You add the spells Gell's Gravitas and Teleport Other to
                  | your library.
  6095 | D:5      | Reached skill level 8 in Axes
  6291 | D:5      | Found Maquum's Jewellery Shop.
  6352 | D:5      | You add the spells Alistair's Intoxication, Borgnjor's Vile
                  | Clutch and Eringya's Noxious Bog to your library.
  6663 | D:6      | Reached skill level 7 in Fighting
  6663 | D:6      | Found a staircase to the Ecumenical Temple.
  6673 | Temple   | Entered the Ecumenical Temple
  6720 | Temple   | Became a worshipper of Warmaster Okawaru
  6846 | D:6      | Noticed Prince Ribbit
  6861 | D:6      | Killed Prince Ribbit
  6862 | D:6      | Reached skill level 9 in Axes
  6862 | D:6      | Reached skill level 7 in Armour
  6862 | D:6      | Reached skill level 7 in Shields
  7042 | D:6      | Reached XP level 9. HP: 77/79 MP: 8/8
  7385 | D:6      | Reached * piety under Okawaru
  7598 | D:7      | Reached skill level 10 in Axes
  7739 | D:7      | Noticed a cyclops
  7749 | D:7      | Killed a cyclops
  7749 | D:7      | Reached ** piety under Okawaru
  7750 | D:7      | Reached skill level 8 in Fighting
  7750 | D:7      | Reached skill level 8 in Shields
  7750 | D:7      | Noticed a two-headed ogre
  7755 | D:7      | Reached skill level 8 in Armour
  7755 | D:7      | HP: 18/81 [two-headed ogre/+0 giant club (18)]
  7756 | D:7      | Mangled by a two-headed ogre

Vanquished Creatures
  A cyclops (D:7)
  Grinder (D:4)
  Prince Ribbit (D:6)
  A wyvern (D:7)
  Edmund (D:4)
  A water moccasin (D:5)
  3 ice beasts
  A black bear (D:6)
  An orc warrior (D:7)
  A centaur (D:7)
  A kobold brigand (D:6)
  A gnoll sergeant (D:7)
  A bullfrog (Sewer)
  A necrophage (D:6)
  5 scorpions
  A howler monkey (D:6)
  2 hounds (D:5)
  2 orc priests
  7 iguanas
  7 orc wizards
  Robin (D:4)
  16 adders
  A shadow imp (D:6)
  A white imp (D:6)
  An ufetubus (D:7)
  4 worms
  31 orcs
  3 endoplasms
  7 giant cockroaches
  6 hobgoblins
  A jackal (D:1)
  9 quokkas
  13 ball pythons
  6 bats
  8 frilled lizards
  13 goblins
  8 kobolds
  A rat (D:2)
170 creatures vanquished.

Vanquished Creatures (others)
  A plant (D:3)
1 creature vanquished.

Grand Total: 171 creatures vanquished

Table legend:
 A = Non-vault XP
 B = Vault XP
 C = Vault XP percentage of total XP
 D = Non-vault monster count
 E = Vault monster count
 F = Vault count percentage of total count
                 A         B        C        D         E       F
            +---------+---------+-------+---------+---------+-------
      Total |    2200 |    2213 |  50.1 |     117 |      53 |  31.2
            +---------+---------+-------+---------+---------+-------
        D:1 |      10 |       4 |  28.6 |       8 |       2 |  20.0
        D:2 |      29 |       0 |   0.0 |      12 |       0 |   0.0
        D:3 |     233 |       7 |   2.9 |      32 |       3 |   8.6
        D:4 |     353 |     501 |  58.7 |      17 |      13 |  43.3
        D:5 |     774 |       0 |   0.0 |      23 |       0 |   0.0
        D:6 |     793 |     264 |  25.0 |      24 |       1 |   4.0
        D:7 |       8 |    1273 |  99.4 |       1 |       8 |  88.9
      Sewer |       0 |     164 | 100.0 |       0 |      26 | 100.0
            +---------+---------+-------+---------+---------+-------

Illustrated notes

Table legend:
 A = Kills in this place as a percentage of kills in entire the game.
 B = Kills by you in this place as a percentage of kills by you in the entire game.
 C = Kills by friends in this place as a percentage of kills by friends in the entire game.
 D = Other kills in this place as a percentage of other kills in the entire game.
 E = Experience gained in this place as a percentage of experience gained in the entire game.
 F = Experience gained in this place divided by the number of levels of this place that you have seen.
                   A       B       C       D       E      F
               +-------+-------+-------+-------+-------+----------------------
         Total | 100.0 | 100.0 |   N/A |   N/A | 100.0 | 490.3
       Dungeon |  84.7 |  84.7 |   N/A |   N/A |  96.3 | 607.0
         Sewer |  15.3 |  15.3 |   N/A |   N/A |   3.7 | 164.0
               +-------+-------+-------+-------+-------+----------------------

Table legend: (Time is in decaauts)
 A = Elapsed time spent in this place.
 B = Non-inter-level travel time spent in this place.
 C = Inter-level travel time spent in this place.
 D = Time resting spent in this place.
 E = Time spent auto-exploring this place.
 F = Levels seen in this place.
 G = Mean time per level.
                   A        B        C        D        E       F      G
               +--------+--------+--------+--------+--------+-----+--------+
         Total |   8004 |   7660 |    344 |    391 |   5914 |   9 |  889.3 |
       Dungeon |   7069 |   6725 |    344 |    167 |   5399 |   7 | 1009.9 |
        Temple |     60 |     60 |      0 |      0 |     37 |   1 |   60.0 |
         Sewer |    874 |    874 |      0 |    224 |    478 |   1 |  874.0 |
               +--------+--------+--------+--------+--------+-----+--------+

Top non-repeatable levels by time:
     D:4: 1696 daAuts
     D:3: 1449 daAuts
     D:6: 1054 daAuts
     D:5: 993 daAuts
   Sewer: 874 daAuts
     D:1: 855 daAuts
     D:2: 834 daAuts
     D:7: 186 daAuts
  Temple: 60 daAuts
